 Dungeon Crawl Stone Soup version 0.32-a0-306-gfed3edf829 (webtiles) character file.

Game seed: 16089655431742568249

309 pokeman the Magician (level 6, -7/34 HPs)
             Began as a Deep Elf Hedge Wizard on Feb 14, 2024.
             Was an Initiate of Vehumet.
             Splashed by a jelly's acid (8 damage)
             ... on level 5 of the Dungeon.
             The game lasted 00:06:54 (3888 turns).

pokeman the Magician (Deep Elf Hedge Wizard)        Turns: 3888, Time: 00:06:56

Health: -7/34      AC:  1    Str:  7    XL:     6   Next: 17%
Magic:  1/17       EV: 13    Int: 21    God:    Vehumet [......]
Gold:   291        SH:  0    Dex: 14    Spells: 10/18 levels left

rFire   . . .        e - staff of conjuration
rCold   . . .        (no shield)
rNeg    + . .        b - +0 robe
rPois   .            o - +0 helmet
rElec   .            (no cloak)
rCorr   .            (no gloves)
SInv    +            q - +1 pair of boots
Will    .....        (no amulet)
Stlth   ++           j - ring of see invisible
HPRegen 0.25/turn    u - ring of positive energy
MPRegen 0.15/turn

%: no passive effects
@: corroded
A: no striking features
a: Renounce Religion


You were on level 5 of the Dungeon.
You worshipped Vehumet.
Vehumet was noncommittal.
You visited 1 branch of the dungeon, and saw 5 of its levels.

You collected 291 gold pieces.

Inventory:

Hand Weapons
 a - a +0 dagger
 k - a +2 spear of venom
 p - a +1 whip of electrocution
Armour
 b - a +0 robe (worn)
 m - a +0 buckler
 o - a +0 helmet (worn)
 q - a +1 pair of boots (worn)
Magical Staves
 e - a staff of conjuration (weapon)
Jewellery
 j - a ring of see invisible (left hand)
 u - a ring of positive energy (right hand)
Wands
 t - a wand of flame (4)
Scrolls
 c - a scroll of butterflies {unknown}
 g - 2 scrolls of teleportation {unknown}
 s - a scroll of vulnerability {unknown}
 v - a scroll of blinking {unknown}
 w - a scroll of acquirement {unknown}
Potions
 d - a potion of magic
 f - 3 potions of brilliance {unknown}
 h - a potion of resistance {unknown}
 i - 3 potions of haste {unknown}
 l - a potion of heal wounds {unknown}
 n - 2 potions of might {unknown}
 r - 2 potions of curing {unknown}


   Skills:
 - Level 1.0 Fighting
 - Level 1.0 Armour
 - Level 3.0 Dodging
 - Level 3.0 Stealth
 - Level 1.0 Shields
 * Level 6.8 Spellcasting
 + Level 3.1 Conjurations
 - Level 1.1 Summonings
 - Level 1.1 Translocations
 + Level 0.9 Air Magic
 - Level 1.0 Alchemy
 + Level 0.7 Evocations


You had 10 spell levels left.
You knew the following spells:

 Your Spells              Type           Power      Damage    Failure   Level
a - Magic Dart            Conj           100%       1d8       2%          1
b - Mephitic Cloud        Conj/Alch/Air  21%        N/A       14%         3
c - Call Imp              Summ           22%        N/A       9%          2
d - Blink                 Tloc           22%        N/A       9%          2

Your spell library contained the following spells:

 Spells                   Type           Power      Damage    Failure   Level
 Apportation              Tloc           22%        N/A       6%          1
 Slow                     Hex            28%        N/A       9%          1
 Cigotuvi's Dreadful Rot  Necr/Alch/Air  18%        N/A       11%         2
 Jinxbite                 Hex            14%        N/A       14%         2
 Dazzling Flash           Conj/Hex       40%        N/A       14%         3
 Alistair's Intoxication  Alch           7%         N/A       85%         5
 Silence                  Hex/Air        4%         N/A       90%         5
 Curse of Agony           Necr           7%         N/A       94%         5


Dungeon Overview and Level Annotations

Branches:
Dungeon (5/15)
 Temple: D:4-7

Altars:
Dithmenos
Hepliaklqana
Sif Muna
Vehumet

Shops:
D:4 :


Message History

You shake off some of the fire as you move.
The liquid fire burns you!
You shake off some of the fire as you move.
The liquid fire burns you!
* * * LOW HITPOINT WARNING * * *
The bombardier beetle sprays incendiary fluid at you.
The burning spray hits you.
You are even more covered in liquid fire!
You shake off some of the fire as you move.
The liquid fire burns you!
* * * LOW HITPOINT WARNING * * *
You shake off some of the fire as you move.
The liquid fire burns you!
* * * LOW HITPOINT WARNING * * *
You shake off the liquid fire.
Casting: Magic Dart (safe; 2% risk of failure)
Confirm with . or Enter, or press ? or * to list all spells.
Aiming: Mephitic Cloud (quite dangerous; 14% risk of failure)
Press: ? - help, Shift-Dir - straight line, f/p - bombardier beetle
Aim: a bombardier beetle (almost dead, chance to affect: 91%)
You feel a surge of power!
The ball explodes into a vile cloud!
The stinking cloud engulfs the bombardier beetle.
The bombardier beetle is almost dead.
Unknown command.
Unknown command.
The bombardier beetle is engulfed in noxious fumes.
The bombardier beetle appears confused.
You hit the bombardier beetle.
The bombardier beetle is almost dead.
You strike the helpless bombardier beetle from behind!
You hit the bombardier beetle.
You kill the bombardier beetle!
Vehumet accepts your kill.
You hit the jelly.
Your hands burn!
* * * LOW HITPOINT WARNING * * *
The jelly is lightly wounded.
The jelly hits you.
* * * LOW HITPOINT WARNING * * *
The acid corrodes you!
You are splashed with acid!
You die...

##.. #... #...####
#......###
##.......#
######.#†#
#...○§.#.# #
#..#J#.#.#
#.#...@#.#.#
####.#......#.#..
..........######..
...................
...........####....
...........##.. .
...........##.#
...<.......##.#
..............# ###


You could see a jelly.

Vanquished Creatures
  2 bombardier beetles
  An iguana (D:5)
  8 adders
  2 ufetubi (D:5)
  2 ribbon worms (D:3)
  A dart slug (D:1)
  8 endoplasms
  2 giant cockroaches
  5 goblins
  7 hobgoblins
  6 jackals
  4 quokkas
  5 ball pythons
  5 bats
  8 frilled lizards
  6 kobolds
  7 rats
79 creatures vanquished.

Notes
Turn   | Place    | Note
-------+----------+-------------------------------------------
     0 | D:1      | pokeman the Deep Elf Hedge Wizard began the quest for the
                  | Orb.
     0 | D:1      | Reached XP level 1. HP: 10/10 MP: 7/7
    45 | D:1      | Reached XP level 2. HP: 9/15 MP: 5/9
   697 | D:1      | Reached skill level 5 in Spellcasting
   874 | D:1      | Reached XP level 3. HP: 20/20 MP: 7/11
   878 | D:1      | Learned a level 3 spell: Mephitic Cloud
   881 | D:1      | Learned a level 2 spell: Call Imp
   884 | D:1      | Learned a level 2 spell: Blink
  1290 | D:1      | Reached skill level 1 in Fighting
  1290 | D:1      | Reached skill level 1 in Armour
  1472 | D:2      | Reached XP level 4. HP: 25/25 MP: 8/13
  2212 | D:3      | Reached skill level 6 in Spellcasting
  2264 | D:3      | Reached skill level 1 in Shields
  2264 | D:3      | Reached XP level 5. HP: 29/29 MP: 11/15
  2534 | D:3      | Found a shimmering blue altar of Sif Muna.
  2534 | D:3      | Found a shadowy altar of Dithmenos.
  3245 | D:4      | Found a hazy altar of Hepliaklqana.
  3263 | D:4      | Reached skill level 1 in Alchemy
  3428 | D:4      | Found a radiant altar of Vehumet.
  3437 | D:4      | Became a worshipper of Vehumet
  3530 | D:4      | Found Boptikh's Tiny Tomes.
  3644 | D:5      | Entered Level 5 of the Dungeon
  3852 | D:5      | Reached XP level 6. HP: 34/34 MP: 8/17
  3888 | D:5      | HP: 1/34 [jelly (2)]
  3888 | D:5      | Splashed by a jelly's acid

Illustrated notes

Levels and vault maps discovered:
D:1:      scummos_arrival_hexagon, layout_loops_corners
D:2:      layout_rooms, minmay_joined_circles
D:3:      layout_basic, mainiacjoe_overflow_large_starburst,
          kennysheep_generic_room_14
D:4:      layout_rooms, general_overflow_altar, vehumet_altar_wand_db,
          nicolae_shop_i_like_small_books_too
D:5:      layout_basic, serial_shops, nicolae_shop_waterfront, shop,
          nicolae_shop_tiny_glass

Skill      XL: |  1  2  3  4  5 |
---------------+----------------+-----
Spellcasting   | 5 6 |  6.8
Fighting       | 1 |  1.0
Armour         | 1 |  1.0
Conjurations   | 2 3 |  3.1
Shields        | 1 |  1.0
Dodging        | 3 |  3.0
Alchemy        | 1 |  1.0
Stealth        | 3 |  3.0
Summonings     | |  1.1
Translocations | |  1.1
Air Magic      | |  0.9
Evocations     | |  0.7

Action                     |  1- 3 |  4- 6 || total
---------------------------+-------+-------++-------
  Melee: Dagger            |    17 |       ||    17
         Staff             |     2 |    14 ||    16
   Cast: Magic Dart        |    59 |   111 ||   170
         Mephitic Cloud    |       |     4 ||     4
   Stab: Confused          |       |     3 ||     3
 Armour: Robe              |    19 |     5 ||    24
  Dodge: Dodged            |    17 |    11 ||    28

Table legend: (Time is in decaauts)
 A = Elapsed time spent in this place.
 B = Non-inter-level travel time spent in this place.
 C = Inter-level travel time spent in this place.
 D = Time resting spent in this place.
 E = Time spent auto-exploring this place.
 F = Levels seen in this place.
 G = Mean time per level.
                   A        B        C        D        E       F      G
               +--------+--------+--------+--------+--------+-----+--------+
         Total |   3888 |   3814 |     74 |    190 |   3194 |   5 |  777.6 |
       Dungeon |   3888 |   3814 |     74 |    190 |   3194 |   5 |  777.6 |
               +--------+--------+--------+--------+--------+-----+--------+

Top non-repeatable levels by time:
     D:1: 1348 daAuts
     D:3: 978 daAuts
     D:2: 860 daAuts
     D:4: 456 daAuts
     D:5: 244 daAuts
